 Dungeon Crawl Stone Soup version 0.25-a0-972-g74ed164fb1 (webtiles) character file.

Game seed: 1910689747308739866, levelgen mode: deterministic

1620 Morbidden the Reanimator (level 8, -2/69 HPs)
             Began as a Deep Dwarf Necromancer on May 9, 2020.
             Slain by a two-headed ogre
             ... wielding a +0 giant club
              (31 damage)
             ... on level 6 of the Dungeon.
             The game lasted 00:30:20 (8181 turns).

Morbidden the Reanimator (Deep Dwarf Necromancer)   Turns: 8181, Time: 00:30:20

Health: -2/69      AC:  4    Str: 11    XL:     8   Next: 64%
Magic:  8/17       EV: 12    Int: 24    God:
Gold:   270        SH:  0    Dex: 13    Spells: 6/19 levels left

rFire    + . .     SeeInvis .   i - +1 mace of Uncertain Death {vorpal, Int+5} (curse)
rCold    + . .     Gourm    .   (no shield)
rNeg     . . .     Faith    +   s - +2 robe {rC+ rF+}
rPois    .         Spirit   .   (no helmet)
rElec    .         Reflect  .   (no cloak)
rCorr    .         Harm     .   (no gloves)
MR       +....                  (no boots)
Stlth    ++........             b - amulet of faith
HPRegen  0.00/turn              (no ring)
MPRegen  0.15/turn              (no ring)

@: non-regenerating, heavily drained
A: damage resistance, heal wounds, sense surroundings 1, no regeneration
a: Heal Wounds


You were on level 6 of the Dungeon.
You were very hungry.

You visited 1 branch of the dungeon, and saw 6 of its levels.
You also visited: Sewer.

You collected 270 gold pieces.

Inventory:

Hand Weapons
 i - the cursed +1 mace of Uncertain Death (weapon) {vorpal, Int+5}
   (You found it on level 4 of the Dungeon)

   It inflicts extra damage upon your enemies.
   It affects your intelligence (+5).
   It has a curse placed upon it.
 o - a +0 scimitar
Missiles
 d - 39 stones
 g - 31 poisoned darts (quivered)
Armour
 s - a +2 robe of resistance (worn)
Jewellery
 b - an amulet of faith (around neck)
Scrolls
 a - 4 scrolls of identify
 e - 9 scrolls of teleportation
 f - 3 scrolls of enchant armour
 l - 2 scrolls of fear
 p - a scroll of remove curse
 r - a scroll of amnesia {unknown}
 v - a scroll of magic mapping
Potions
 h - 2 potions of might
 j - a potion of haste {unknown}
 k - a potion of degeneration {unknown}
 m - 4 potions of flight
 n - a potion of heal wounds {unknown}
 q - a potion of curing
 t - a potion of ambrosia {unknown}
Comestibles
 c - 14 rations


   Skills:
 * Level 3.1(2.0) Fighting
 + Level 1.2(0.2) Long Blades
   Level 0.1(0.0) Axes
 - Level 1.0(0.0) Throwing
 + Level 2.7(1.6) Dodging
 + Level 3.1(2.0) Stealth
 * Level 6.1(4.9) Spellcasting
 * Level 8.8(7.5) Necromancy


You had 6 spell levels left.
You knew the following spells:

 Your Spells              Type           Power        Failure   Level  Hunger
a - Pain                  Necr           ####         1%          1    None
c - Animate Dead          Necr           N/A          4%          4    ####...
d - Agony                 Necr           #####...     12%         5    #####..
z - Vampiric Draining     Necr           #####.....   1%          3    ##.....

Your spell library contained the following spells:

 Spells                   Type           Power        Failure   Level  Hunger
 Animate Skeleton         Necr           N/A          1%          1    None
 Magic Dart               Conj           #...         9%          1    None
 Blink                    Tloc           N/A          14%         2    None
 Call Imp                 Summ           #.......     14%         2    None
 Slow                     Hex            #.......     14%         2    None
 Conjure Flame            Conj/Fire      #.......     26%         3    ##.....
 Mephitic Cloud           Conj/Pois/Air  #.......     26%         3    ##.....


Dungeon Overview and Level Annotations

Branches:
Dungeon (6/15)             Temple (0/1) D:6           Sewer (visited)

Altars:
Cheibriados
Dithmenos
Elyvilon
Okawaru
Qazlal
Sif Muna
Zin
The Shining One

Annotations:
D:5 exclusions: door and wight
D:6 Eustachio


Innate Abilities, Weirdness & Mutations

You are resistant to damage.
You can heal yourself by infusing magical energy.
You passively map a small area around you.
You do not regenerate.


Message History

The two-headed ogre closely misses you.
Unknown command.
Casting: Vampiric Draining (safe; 1% risk of failure)
Confirm with . or Enter, or press ? or * to list all spells.
Aiming: Vampiric Draining (safe; 1% risk of failure)
Press: ? - help, Shift-Dir - straight line, f/p - two-headed ogre
Aim: a two-headed ogre, wielding two +0 giant clubs (lightly wounded)
The two-headed ogre is moderately wounded.
You feel life coursing into your body. The two-headed ogre barely misses you.
The two-headed ogre hits you with a +0 giant club.
Unknown command.
Casting: Vampiric Draining (safe; 1% risk of failure)
Confirm with . or Enter, or press ? or * to list all spells.
Aiming: Vampiric Draining (safe; 1% risk of failure)
Press: ? - help, Shift-Dir - straight line, f/p - two-headed ogre
Aim: a two-headed ogre, wielding two +0 giant clubs (moderately wounded)
The two-headed ogre is heavily wounded.
You feel life coursing into your body.
The two-headed ogre hits you with a +0 giant club!!
You die...

* , ,, ,, , ,
..#*##* * ,, *
* #.##8# , ,
#######'#.># ,
..........8
..........# *
,, , ,
..........# *
....o..O..# *
*#@#######.# *
** #.........#
#..######.# ,
#.......... *
#..######.# , *
#<##** *
...............
, ,
###############
, , ,


You could see a two-headed ogre and an orc.

Vanquished Creatures
  Pikel (D:4)
  Purgy (Sewer)
  3 slaves
  A centaur (D:5)
  3 ogres
  Blork the orc (D:3)
  A scorpion (D:4)
  2 wights (D:5)
  2 bullfrog skeletons
  An orc priest (D:3)
  A hound (D:2)
  An orc wizard (D:4)
  3 worker ants
  A hound skeleton (D:5)
  10 gnolls
  8 adders
  2 oozes
  2 adder skeletons
  6 worms
  4 dart slugs
  3 leopard geckos
  9 orcs
  3 ball pythons
  7 bats
  5 giant cockroaches
  3 goblins
  9 hobgoblins
  2 jackals (D:5)
  3 quokkas
  7 frilled lizards
  2 giant cockroach zombies
  14 kobolds
  A leopard gecko skeleton (D:4)
  12 rats
134 creatures vanquished.

Vanquished Creatures (collateral kills)
  An ooze (D:5)
  2 orcs (D:5)
  A jackal (D:5)
4 creatures vanquished.

Grand Total: 138 creatures vanquished

Notes
Turn   | Place    | Note
-------+----------+-------------------------------------------
     0 | D:1      | Morbidden the Deep Dwarf Necromancer began the quest for
                  | the Orb.
     0 | D:1      | Reached XP level 1. HP: 15/15 MP: 3/3
   187 | D:1      | Reached XP level 2. HP: 22/22 MP: 0/4
   587 | D:1      | Reached skill level 5 in Necromancy
   962 | D:1      | Reached XP level 3. HP: 28/30 MP: 1/6
  1638 | D:2      | Reached XP level 4. HP: 23/37 MP: 7/7
  1734 | D:2      | Learned a level 3 spell: Vampiric Draining
  3135 | D:3      | Reached skill level 6 in Necromancy
  3135 | D:3      | Reached XP level 5. HP: 39/43 MP: 3/9
  3149 | D:3      | Found a glowing drain.
  3209 | Sewer    | Entered a sewer
  3278 | Sewer    | Reached skill level 1 in Fighting
  3446 | Sewer    | Noticed Purgy
  3460 | Sewer    | Killed Purgy
  3603 | Sewer    | Reached XP level 6. HP: 30/51 MP: 8/11
  3882 | D:3      | Found a snail-covered altar of Cheibriados.
  4565 | D:3      | Found a stormy altar of Qazlal.
  4566 | D:3      | Noticed an air elemental
  4570 | D:3      | Noticed a water elemental
  4570 | D:3      | Noticed a fire elemental
  4685 | D:3      | Noticed Blork the orc
  4716 | D:3      | Killed Blork the orc
  4716 | D:3      | Reached skill level 1 in Throwing
  4721 | D:3      | Found a shimmering blue altar of Sif Muna.
  5612 | D:4      | Reached skill level 7 in Necromancy
  5612 | D:4      | Reached XP level 7. HP: 45/58 MP: 3/13
  5783 | D:4      | Found a glowing golden altar of the Shining One.
  5815 | D:4      | Noticed Pikel
  6420 | D:4      | Got a smoking mace
  6421 | D:4      | Identified the cursed +1 mace of Uncertain Death {vorpal,
                  | Int+5} (You found it on level 4 of the Dungeon)
  6456 | D:4      | Killed Pikel
  6456 | D:4      | Reached skill level 1 in Long Blades
  6456 | D:4      | Reached skill level 5 in Spellcasting
  6456 | D:4      | Reached skill level 8 in Necromancy
  6456 | D:4      | Reached XP level 8. HP: 58/68 MP: 0/16
  6662 | D:4      | Found a white marble altar of Elyvilon.
  6763 | D:5      | Entered Level 5 of the Dungeon
  6961 | D:5      | Learned a level 4 spell: Animate Dead
  6967 | D:5      | Learned a level 5 spell: Agony
  6976 | D:5      | Found an iron altar of Okawaru.
  7647 | D:5      | Found a shadowy altar of Dithmenos.
  7899 | D:5      | Found a glowing silver altar of Zin.
  8143 | D:6      | Noticed Eustachio
  8178 | D:6      | Found a staircase to the Ecumenical Temple.
  8178 | D:6      | Noticed a two-headed ogre
  8181 | D:6      | Slain by a two-headed ogre

Illustrated notes

Levels and vault maps discovered:
D:1:      dpeg_arrival_chambers_temple_mockup, layout_basic
D:2:      layout_basic, first_ration
D:3:      layout_basic, kennysheep_slug_shrine, tgw_sif, portal_sewer_entry_d,
          nicolae_qazlal_style_of_elements
D:4:      layout_cave_pools, kennysheep_mini_moat, kennysheep_little_box,
          uniq_pikel
D:5:      layout_loops_cross, zin_statuary, okawaru_trees_1,
          grunt_dithmenos_shadows
D:6:      layout_basic, dancing_weapons_uskayaw, lemuel_coloured_pillars_altar,
          temple_statues, gammafunk_ghost_abyssal_escape, uniq_eustachio

Skill      XL: |  1  2  3  4  5  6  7  8 |
---------------+-------------------------+-----
Necromancy     | 5 6 7 8 |  8.8
Spellcasting   | 2 3 4 5 6 |  6.1
Fighting       | 1 2 3 |  3.1
Throwing       | 1 |  1.0
Long Blades    | 1 |  1.2
Stealth        | 3 |  3.1
Axes           | |  0.1
Dodging        | |  2.7

Action                   |  1- 3 |  4- 6 |  7- 9 || total
-------------------------+-------+-------+-------++-------
Melee: Unarmed           |     9 |       |       ||     9
       War axe           |       |    21 |       ||    21
       Scimitar          |       |     2 |    10 ||    12
       Mace              |       |       |    31 ||    31
Throw: Dart              |    19 |    88 |    68 ||   175
       Stone             |       |       |     7 ||     7
 Cast: Pain              |    65 |   100 |    14 ||   179
       Vampiric Draining |       |    39 |    32 ||    71
       Animate Dead      |       |       |     6 ||     6
  Use: Scroll            |       |    10 |     1 ||    11
       Potion            |       |     3 |       ||     3
 Stab: Invisible         |       |     1 |       ||     1
  Eat: Chunk             |     3 |    16 |     5 ||    24
       Ration            |       |       |     1 ||     1
Armor: Robe              |     8 |    10 |    13 ||    31
Dodge: Dodged            |    28 |    60 |    45 ||   133
       Rpst.: Scimitar   |       |     5 |     1 ||     6

Table legend:
 A = Non-vault XP
 B = Vault XP
 C = Vault XP percentage of total XP
 D = Non-vault monster count
 E = Vault monster count
 F = Vault count percentage of total count
                 A         B        C        D         E       F
            +---------+---------+-------+---------+---------+-------
      Total |    1360 |     955 |  41.3 |     123 |      12 |   8.9
            +---------+---------+-------+---------+---------+-------
        D:1 |      48 |       0 |   0.0 |      27 |       0 |   0.0
        D:2 |     110 |       0 |   0.0 |      22 |       0 |   0.0
        D:3 |     241 |     116 |  32.5 |      36 |       3 |   7.7
        D:4 |     297 |     673 |  69.4 |      12 |       1 |   7.7
        D:5 |     664 |       0 |   0.0 |      26 |       0 |   0.0
      Sewer |       0 |     166 | 100.0 |       0 |       8 | 100.0
            +---------+---------+-------+---------+---------+-------
